 Dungeon Crawl Stone Soup version 0.19.5 (webtiles) character file.

53 sveltemanboy the Poker (level 3, -1/29 HPs)
             Began as a Demonspawn Monk on Mar 31, 2017.
             Slain by a worker ant (3 damage)
             ... on level 4 of the Dungeon.
             The game lasted 00:04:42 (1609 turns).

sveltemanboy the Poker (Demonspawn Monk)            Turns: 1609, Time: 00:04:43

Health: -1/29      AC:  8    Str: 12    XL:     3   Next: 62%
Magic:  3/3        EV: 11    Int: 11    God:
Gold:   142        SH:  0    Dex: 15    Spells: 0 memorised, 2 levels left

rFire  . . .     SeeInvis .     a - +1 spear
rCold  . . .     Gourm    .     h - +1 ring mail
rNeg   . . .     Faith    .     (no shield)
rPois  .         Spirit   .     (no helmet)
rElec  .         Reflect  .     (no cloak)
rCorr  .         Harm     .     (no gloves)
MR     .....                    (no boots)
Stlth  +.........               (no amulet)
                                (no ring)
                                d - ring of flight

@: very slightly contaminated
A: hooves 1, molten scales 1
a: Evoke Flight


You were on level 4 of the Dungeon.
You were not hungry.

You visited 1 branch of the dungeon, and saw 3 of its levels.

You collected 142 gold pieces.

Inventory:

Hand Weapons
 a - a +1 spear (weapon)
Armour
 h - a +1 ring mail (worn)
Jewellery
 d - a ring of flight (left hand)
Scrolls
 b - a scroll of enchant weapon
 e - 2 scrolls of identify
 f - 2 scrolls of recharging
 j - a scroll of remove curse
 k - a scroll of immolation
Potions
 l - a potion of lignification {unknown}
 p - a potion of curing {unknown}
Comestibles
 c - 3 bread rations
 i - a chunk of flesh
 m - 4 meat rations


   Skills:
 - Level 3.0 Fighting
 * Level 3.8 Polearms
 + Level 1.5 Armour
 - Level 2.6 Dodging
 - Level 1.7 Stealth


You had 2 spell levels left.
You didn't know any spells.

Dungeon Overview and Level Annotations

Branches:
Dungeon (2/15)

Altars:
Dithmenos
Zin

Annotations:
D:4 Dowan, Duvessa, Eustachio


Innate Abilities, Weirdness & Mutations

You have large cloven feet.
You are partially covered in molten scales. (AC +2)


Message History

Beogh smites you!
* * * LOW HITPOINT WARNING * * *
The jackal barely misses you. The worker ant barely misses you.
The jackal closely misses you.
Some of the chunks of flesh in your inventory have rotted away.
The worker ant bites you.
* * * LOW HITPOINT WARNING * * *
The jackal closely misses you.
The jackal bites you but does no damage.
Found a bone battleaxe.
Found a stone staircase leading up.
An adder comes into view.
The jackal closely misses you. The jackal barely misses you.
The adder hisses angrily.
Eustachio the Magnificent comes into view.
He is wielding a falchion.
Eustachio shouts!
Eustachio gestures wildly while chanting.
Eustachio blinks!
The jackal barely misses you. x2
Eustachio mumbles some strange words.
Eustachio blinks!
The adder barely misses you. The worker ant bites you.
You die...

#...........e...o
#......g.#.....e.
##....g...e......
#..w........#### .
#.g.gg......# #
..#######..o....#..... .
........hg.#....#..... .
.......ah..#....#.......
.......@hh.#.......... .
.......S...+....... .
...........#..)#.<. .
...........#...#... .
............§ .
.............. .
...........§... .
..........$.... . .


You could see a gnoll shaman, a worm, a worker ant, 5 gnolls, an adder, an orc
(inner flame) and 4 jackals.

Vanquished Creatures
  A worm (D:2)
  3 dart slugs
  2 leopard geckos
  A giant cockroach (D:1)
  5 hobgoblins
  9 bats
  4 frilled lizards
  3 goblins
  8 kobolds
  5 rats
41 creatures vanquished.

Notes
Turn   | Place    | Note
-------+----------+-------------------------------------------
     0 | D:1      | sveltemanboy the Demonspawn Monk began the quest for the Orb.
     0 | D:1      | Reached XP level 1. HP: 18/18 MP: 1/1
   391 | D:1      | Gained mutation: You have large cloven feet. [demonic ancestry]
   391 | D:1      | Reached XP level 2. HP: 24/24 MP: 2/2
   683 | D:1      | Reached skill level 1 in Armour
   970 | D:1      | Gained mutation: You are partially covered in molten scales. (AC +2) [demonic ancestry]
   970 | D:1      | Reached XP level 3. HP: 29/29 MP: 3/3
  1314 | D:2      | Found a glowing silver altar of Zin.
  1323 | D:2      | Found a shadowy altar of Dithmenos.
  1578 | D:2      | You fall through a shaft for 2 floors!
  1581 | D:4      | Noticed Duvessa
  1581 | D:4      | Noticed Dowan
  1608 | D:4      | Noticed Eustachio
  1609 | D:4      | Slain by a worker ant

Skill      XL: |  1  2 |
---------------+-------+-----
Polearms       | 3 |  3.8
Armour         | 1 |  1.5
Fighting       | |  3.0
Dodging        | |  2.6
Stealth        | |  1.7

Action                   || total
-------------------------++-------
Melee: Spear             ||   144
       Kick              ||    25
  Use: Scroll            ||     7
 Stab: Sleeping          ||     6
  Eat: Chunk             ||     2
Armor: Robe              ||     5
       Ring mail         ||    27
Dodge: Dodged            ||    59
